 Dungeon Sprint DCSS version 0.27-a0-1273-gec92ba881d (webtiles) character file.

Game seed: 3458964784401304060

1244 mhtbhm the Carver (level 8, -10/106 HPs)
             Began as a Demonspawn Berserker on June 11, 2021.
             Was a High Priest of Trog.
             Splashed by an oklob plant's acid (16 damage)
             ... in the Dungeon (Sprint IV: "Fedhas' Mad Dash").
             The game lasted 00:02:21 (2242 turns).

mhtbhm the Carver (Demonspawn Berserker)            Turns: 2242, Time: 00:02:22

Health: -10/106    AC: -2    Str: 21    XL:     8   Next: 25%
Magic:  8/8        EV: 14    Int:  8    God:    Trog [*****.]
Gold:   131        SH:  0    Dex: 12    Spells: 7/7 levels left

rFire    . . .     SeeInvis .   a - +2 long sword
rCold    . . .     Faith    .   (no shield)
rNeg     . . .     Spirit   .   b - +0 animal skin
rPois    .         Reflect  .   (no helmet)
rElec    .         Harm     .   (no cloak)
rCorr    .         Rampage  .   (no gloves)
Will     .....     NoTele   +   (no boots)
Stlth    ..........             i - amulet of invisibility {+Inv}
HPRegen  0.27/turn              (no ring)
MPRegen  0.11/turn              (no ring)

@: berserking (expiring), corroded, very quick
A: icy blue scales 2, foul stench 2
a: Renounce Religion, Evoke Invisibility, Berserk, Trog's Hand, Brothers in Arms


You were in the Dungeon.
You worshipped Trog.
Trog was extremely pleased with you.
You visited 1 branch You collected 131 gold pieces.

Inventory:

Hand Weapons
 a - a +2 long sword (weapon)
Armour
 b - a +0 animal skin (worn)
Jewellery
 i - the amulet of invisibility (around neck) {+Inv}
   (You found it in the Dungeon)

   [amulet of nothing]

   It lets you turn invisible.
Scrolls
 h - a scroll of blinking
 j - a scroll of enchant armour {unknown}
 k - a scroll of identify {unknown}
Potions
 c - a potion of curing
 d - a potion of heal wounds
 e - a potion of haste
 f - 2 potions of magic
 g - a potion of berserk rage


   Skills:
 + Level 9.0 Fighting
 + Level 10.8 Long Blades
 + Level 3.7 Armour
 + Level 5.6 Dodging
 + Level 7.7 Stealth
 + Level 4.9 Evocations


You had 7 spell levels left.
You didn't know any spells.
Your spell library was empty.

Dungeon Overview and Level Annotations

Branches:
Dungeon (1/1)

Altars:
Cheibriados
Dithmenos
Elyvilon
Gozag
Hepliaklqana
Kikubaaqudgha
Makhleb
Nemelex Xobeh
Okawaru
Qazlal
Ru
Sif Muna
Trog
Uskayaw
Vehumet
Wu Jian
Xom
Yredelemnul
Zin
The Shining One
Beogh
Jiyva
Lugonu

Shops:
D [:*[

Annotations:
D exclusion: oklob plant


Innate Abilities, Weirdness & Mutations

You are mostly covered in icy blue scales. (AC +3)
You sometimes emit foul miasma when damaged in melee.


Message History

You feel yourself moving faster!
You feel mighty!
Unknown command.
You feel a strong urge to attack something.
An oklob plant comes into view.
Marking area around an oklob plant as unsafe for travelling.
Found a scroll labelled ARIH DEORIRI.
There is an open door here.
The oklob plant spits acid at you. The splash of acid hits you!
The acid corrodes you!
You are splashed with acid!
You see here a scroll labelled ARIH DEORIRI.
You hit the oklob plant.
The oklob plant is lightly damaged.
You slash the oklob plant!
The oklob plant is moderately damaged.
You hit the oklob plant but do no damage.
The oklob plant is moderately damaged.
You slash the oklob plant!
The oklob plant is heavily damaged.
The oklob plant spits acid at you. The splash of acid hits you!
You are splashed with acid!
Unknown command.
You hit the oklob plant.
The oklob plant is severely damaged.
The oklob plant spits acid at you. The splash of acid hits you!!
You are splashed with acid!
* * * LOW HITPOINT WARNING * * *
Unknown command.
You hit the oklob plant.
The oklob plant is severely damaged.
You hit the oklob plant.
The oklob plant is almost destroyed.
You hit the oklob plant.
The oklob plant is almost destroyed.
You hit the oklob plant.
The oklob plant is almost destroyed.
The oklob plant spits acid at you. The splash of acid hits you!!
* * * LOW HITPOINT WARNING * * *
The acid corrodes you!
You are splashed with acid!
You die...

#<..P#.....#.....#
#PP..'.÷...'.#)..'
#PPPP#.....#.#...#
###############'##
#..)♣........'...#
#......♣.....#...#
#.....♣..♣..######
##'####+##### #@.#
#P?# ####


You could see an oklob plant.

Vanquished Creatures
  A burning bush (D)
  A queen bee (D)
  2 wandering mushrooms (D)
  3 scorpions (D)
  4 killer bees (D)
  4 oklob saplings (D)
  2 spriggans (D)
  A river rat (D)
  A rat (D)
19 creatures vanquished.

Notes
Turn   | Place    | Note
-------+----------+-------------------------------------------
     0 | D        | mhtbhm the Demonspawn Berserker began the quest for the
                  | Orb.
     0 | D        | Reached XP level 1. HP: 18/18 MP: 1/1
     8 | D        | Reached skill level 3 in Long Blades
     8 | D        | Gained mutation: You are partially covered in icy blue
                  | scales. (AC +2) [demonic ancestry]
     8 | D        | Reached XP level 2. HP: 25/25 MP: 2/2
    51 | D        | Noticed an oklob sapling
    52 | D        | Killed an oklob sapling
    52 | D        | Reached ** piety under Trog
    53 | D        | Reached skill level 4 in Long Blades
    53 | D        | Reached XP level 3. HP: 32/32 MP: 3/3
   287 | D        | Noticed a scorpion
   288 | D        | Found the amulet of invisibility {+Inv}
   291 | D        | Killed a scorpion
   292 | D        | Reached skill level 5 in Long Blades
   292 | D        | Gained mutation: You may rarely emit foul miasma when
                  | damaged in melee. [demonic ancestry]
   292 | D        | Reached XP level 4. HP: 40/40 MP: 4/4
   343 | D        | Found an opulent altar of Gozag.
   343 | D        | Found a hazy altar of Hepliaklqana.
   343 | D        | Found a burning altar of Makhleb.
   343 | D        | Found a sparkling altar of Nemelex Xobeh.
   343 | D        | Found a snail-covered altar of Cheibriados.
   343 | D        | Found a sacrificial altar of Ru.
   343 | D        | Found a shimmering blue altar of Sif Muna.
   343 | D        | Found a shimmering altar of Xom.
   343 | D        | Found a basalt altar of Yredelemnul.
   347 | D        | Found a viscous altar of Jiyva.
   347 | D        | Found a bloodstained altar of Trog.
   347 | D        | Found an ornate altar of the Wu Jian Council.
   348 | D        | Found an iron altar of Okawaru.
   348 | D        | Found a shadowy altar of Dithmenos.
   349 | D        | Found an ancient bone altar of Kikubaaqudgha.
   349 | D        | Found a hide-covered altar of Uskayaw.
   350 | D        | Found a stormy altar of Qazlal.
   351 | D        | Found a corrupted altar of Lugonu.
   351 | D        | Found a radiant altar of Vehumet.
   362 | D        | Reached skill level 6 in Long Blades
   362 | D        | Reached skill level 1 in Stealth
   362 | D        | Gained mutation: You are mostly covered in icy blue scales.
                  | (AC +3) [demonic ancestry]
   362 | D        | Reached XP level 5. HP: 31/47 MP: 3/5
   650 | D        | Reached skill level 1 in Evocations
   888 | D        | Reached *** piety under Trog
   889 | D        | Reached skill level 7 in Long Blades
   902 | D        | Reached XP level 6. HP: 39/55 MP: 6/6
  1058 | D        | Found Rubrunugut's Book Shop.
  1058 | D        | Found Wuxtolo's Antique Armour Emporium.
  1068 | D        | Noticed a burning bush
  1068 | D        | Noticed a wandering mushroom
  1069 | D        | Noticed a wandering mushroom
  1078 | D        | Killed a wandering mushroom
  1079 | D        | Reached skill level 8 in Long Blades
  1084 | D        | Reached **** piety under Trog
  1085 | D        | Reached skill level 9 in Long Blades
  1085 | D        | Reached skill level 5 in Stealth
  1095 | D        | Killed a burning bush
  1096 | D        | Gained mutation: You sometimes emit foul miasma when
                  | damaged in melee. [demonic ancestry]
  1096 | D        | Reached XP level 7. HP: 31/63 MP: 5/7
  1405 | D        | Killed a wandering mushroom
  1406 | D        | Reached skill level 10 in Long Blades
  1406 | D        | Reached skill level 5 in Dodging
  1409 | D        | Found Xuxud's Armour Emporium.
  1409 | D        | Found Jucsaeve's Assorted Antiques.
  1781 | D        | Noticed a queen bee
  1802 | D        | Reached ***** piety under Trog
  1802 | D        | Received a gift from Trog
  1803 | D        | Reached XP level 8. HP: 52/70 MP: 6/8
  1807 | D        | Killed a queen bee
  2232 | D        | Noticed an oklob plant
  2242 | D        | Splashed by an oklob plant's acid

Illustrated notes

Levels and vault maps discovered:
D:        dungeon_sprint_fedhas [sprint_temple]

Skill      XL: |  1  2  3  4  5  6  7  8 |
---------------+-------------------------+-----
Fighting       | 4 6 7 8 9 |  9.0
Long Blades    | 3 4 5 6 7 9 10 | 10.8
Armour         | 2 3 |  3.7
Dodging        | 2 3 4 5 |  5.6
Stealth        | 1 3 6 7 |  7.7
Evocations     | 1 3 4 |  4.9

Action                   |  1- 3 |  4- 6 |  7- 9 || total
-------------------------+-------+-------+-------++-------
Melee: Falchion          |     6 |    53 |    25 ||    84
       Long sword        |       |       |     9 ||     9
Invok: Berserk           |     3 |     4 |     4 ||    11
 Abil: Evoke Invisibilit |       |     3 |     1 ||     4
 Stab: Invisible         |       |     6 |     2 ||     8
       Sleeping          |       |     1 |       ||     1
Armor: Animal skin       |     1 |     2 |     1 ||     4
Dodge: Dodged            |     1 |    13 |    21 ||    35
       Rpst.: Falchion   |     1 |     1 |     4 ||     6

Table legend: (Time is in decaauts)
 A = Elapsed time spent in this place.
 B = Non-inter-level travel time spent in this place.
 C = Inter-level travel time spent in this place.
 D = Time resting spent in this place.
 E = Time spent auto-exploring this place.
 F = Levels seen in this place.
 G = Mean time per level.
                   A        B        C        D        E       F      G
               +--------+--------+--------+--------+--------+-----+--------+
         Total |   2307 |   2307 |      0 |   1941 |    122 |   1 | 2307.0 |
       Dungeon |   2307 |   2307 |      0 |   1941 |    122 |   1 | 2307.0 |
               +--------+--------+--------+--------+--------+-----+--------+

Top non-repeatable levels by time:
       D: 2307 daAuts
